 Dungeon Crawl Stone Soup version 0.30-a0-381-g6ea064c7b4 (webtiles) character file.

Game seed: 8587806981705850748

9699 zishaf the Party-goer (level 11, 0/62 HPs)
             Began as a Vine Stalker Brigand on Dec 1, 2022.
             Was a Follower of Uskayaw.
             Slain by an orc warrior
             ... wielding a +0 halberd
              (9 damage)
             ... on level 10 of the Dungeon.
             The game lasted 00:24:20 (8576 turns).

zishaf the Party-goer (Vine Stalker Brigand)        Turns: 8576, Time: 00:24:21

Health: 0/62       AC: 19    Str: 16    XL:     11   Next: 50%
Magic:  0/19       EV:  5    Int: 11    God:    Uskayaw [*.....]
Gold:   626        SH: 12    Dex: 18    Spells: 10/10 levels left

rFire   + . .      SeeInvis .    M - +5 dagger
rCold   . . .      Faith    +    A - +2 kite shield
rNeg    . . .      Spirit   +    s - +0 shadow dragon scales
rPois   .          Reflect  .    (no helmet)
rElec   .          Harm     .    c - +0 cloak
rCorr   .          Rampage  .    F - +1 pair of gloves
Will    ++...                    O - +0 pair of boots
Stlth   +++++.....               y - amulet of faith
HPRegen 1.10/turn                f - +4 ring of protection
MPRegen 0.16/turn                r - ring of willpower

@: no status effects
A: fangs 3, regeneration 1, magic shield, antimagic bite, no potion heal 2, fire
resistance 1
a: Renounce Religion, Stomp


You were on level 10 of the Dungeon.
You worshipped Uskayaw.
Uskayaw was aware of your devotion.
You visited 2 branches of the dungeon, and saw 11 of its levels.
You also visited: Bailey.

You collected 626 gold pieces.

Inventory:

Hand Weapons
 a - a +3 dagger
 n - a +1 dagger of venom
 M - a +5 dagger (weapon)
Missiles
 d - 29 poisoned darts
 e - 3 curare-tipped darts
 z - a throwing net
 B - 4 javelins
 D - 3 boomerangs (quivered)
Armour
 c - a +0 cloak (worn)
 s - +0 shadow dragon scales (worn)
 A - a +2 kite shield (worn)
 F - a +1 pair of gloves (worn)
 O - a +0 pair of boots (worn)
Jewellery
 f - a +4 ring of protection (left hand)
 j - a ring of ice
 r - a ring of willpower (right hand)
 y - an amulet of faith (around neck)
 I - a ring of protection from fire
 N - a ring of flight
Wands
 C - a wand of polymorph (1)
 G - a wand of acid (12)
 J - a wand of mindburst (5)
 K - a wand of flame (5)
Scrolls
 b - 3 scrolls of enchant weapon
 i - a scroll of magic mapping
 m - 4 scrolls of blinking
 q - 3 scrolls of poison
 t - 2 scrolls of teleportation
 L - 3 scrolls of fear
 Q - 2 scrolls of identify
Potions
 g - 4 potions of invisibility
 h - 2 potions of might
 k - 3 potions of curing
 l - a potion of attraction
 o - 2 potions of berserk rage
 p - 5 potions of magic
 u - 2 potions of haste
 v - 4 potions of flight
 w - a potion of ambrosia
 x - a potion of resistance {unknown}
 E - a potion of experience {unknown}
 H - 2 potions of lignification
 P - 2 potions of degeneration {unknown}
 R - 2 potions of mutation


   Skills:
 + Level 9.1 Fighting
 - Level 6.0 Short Blades
 - Level 6.0 Throwing
 - Level 1.0 Dodging
 - Level 8.0 Stealth
 - Level 5.0 Shields
 * Level 9.4 Invocations


You had 10 spell levels left.
You didn't know any spells.
Your spell library contained the following spells:

 Spells                   Type           Power      Damage    Failure   Level
 Beastly Appendage        Tmut           0%         N/A       100%        1
 Wereblood                Tmut           0%         N/A       100%        2
 Hailstorm                Conj/Ice       0%         3d3       100%        3
 Spider Form              Tmut/Pois      0%         N/A       100%        3
 Ice Form                 Ice/Tmut       0%         N/A       100%        4
 Simulacrum               Ice/Necr       0%         N/A       100%        6


Dungeon Overview and Level Annotations

Branches:
Dungeon (10/15)            Temple (1/1) D:7             Orc (0/2) D:10
 Bailey (visited)
   Lair: D:8-11

Altars:
Ashenzari
Dithmenos
Elyvilon
Fedhas
Gozag
Hepliaklqana
Kikubaaqudgha
Makhleb
Okawaru
Qazlal
Ru
Sif Muna
Trog
Uskayaw
Vehumet
Wu Jian
Xom
Yredelemnul
Zin

Annotations:
Temple 2 transporters


Innate Abilities, Weirdness & Mutations

You have razor-sharp teeth.
Your natural rate of healing is unusually fast.
When hurt, damage is shared between your health and your magic reserves.
Your bite disrupts and absorbs the magic of your enemies.
Potions cannot restore your health.
Your flesh is heat resistant. (rF+)


Message History

The orc wizard flickers and vanishes!
The orc warrior hits you from afar with a +0 halberd!
* * * LOW HITPOINT WARNING * * *
You block the orc's attack. x2
The orc attacks as you move away! You block the orc's attack.
The kobold demonologist hits you but does no damage.
You block the orc's attack.
The orc warrior hits you but does no damage.
The orc hits you but does no damage.
You hear some strange, mumbled words.
A magic dart appears from out of thin air!
The magic dart hits you but does no damage.
The orc priest mumbles some strange prayers to Beogh against you.
Pain shoots through your body!
* * * LOW HITPOINT WARNING * * *
Unknown command.
You hit the orc priest but do no damage.
You bite the orc priest, but do no damage.
The orc priest is almost dead.
The kobold demonologist hits you but does no damage.
You block the orc's attack. You block the orc warrior's attack.
The orc completely misses you. Something hits you but does no damage.
You block the orc priest's attack. The iron imp barely misses you.
You puncture the orc priest!
You kill the orc priest!
You block the kobold demonologist's attack.
Something hits you but does no damage. The orc hits you but does no damage.
The orc warrior hits you but does no damage.
You block the orc's attack.
You hear some strange, mumbled words.
A magic dart appears from out of thin air!
The magic dart hits you.
* * * LOW HITPOINT WARNING * * *
You hit the orc.
The orc is moderately wounded.
You block the iron imp's attack.
You block the kobold demonologist's attack.
The orc hits you but does no damage. x2
The orc warrior hits you with a +0 halberd!
You die...

....#~≈≈~~.........###...#
....~~≈≈~............#...#
....~≈≈~~......#.........#
....~≈≈~...............###
...~~≈≈~...............#
...~≈≈~~>.............##
...~≈≈~,,.......o.....# *******
..#~≈≈~,,......Ko5....##***,,,,,*
...~≈≈~,,......{@oo......#*,,,,,*
,,,~~~~*,......oo{o.......,,,,<,,
,,,~~~~~,.......##.........,,,,,,
,,,~~~~~,.......,..........,,,,,,
,,,,~~~~,.......,..........,,,,,,
,,,,~~~~,.......,.......>.,,,,,,,
,,,,~~~~~.?.....,,.......,,,,,,,,
,,,,~~~~~.......,,,,....,,,,,,,,,
,,,,,~~~~,,,,,,,,,,,,,,,,,,,,,,,,


You could see a kobold demonologist, an orc warrior, an iron imp (summoned) and
6 orcs.

Vanquished Creatures
  2 vault guards (Bailey)
  A two-headed ogre (D:9)
  A mana viper (D:9)
  An oklob plant (D:9)
  Maggie (D:9)
  A komodo dragon (D:8)
  Prince Ribbit (D:6)
  A blink frog (Bailey)
  A wyvern (D:9)
  A shadow (D:6)
  2 wraiths (D:9)
  A steam dragon (D:7)
  4 humans (Bailey)
  Edmund (D:6)
  2 water moccasins
  3 ice beasts
  2 sky beasts
  5 orc warriors
  2 black bears
  2 ogres (D:6)
  A centaur (D:5)
  2 kobold brigands
  A phantom (D:5)
  13 bullfrogs
  2 necrophages
  2 scorpions (D:9)
  5 wights (D:9)
  10 killer bees
  An oklob sapling (D:9)
  2 electric eels (D:6)
  4 howler monkeys
  3 hounds
  A jelly (D:5)
  8 orc priests
  A gnoll bouda (D:6)
  11 orc wizards
  10 gnolls
  10 adders
  3 ufetubi
  2 worms (D:2)
  A dart slug (D:1)
  35 orcs
  5 bats (D:1)
  10 endoplasms
  4 giant cockroaches
  7 goblins
  7 hobgoblins
  15 jackals
  13 ball pythons
  4 frilled lizards
  12 kobolds
  7 rats
247 creatures vanquished.

Vanquished Creatures (others)
  A gnoll (D:6)
  A bush (D:9)
  22 plants
24 creatures vanquished.

Grand Total: 271 creatures vanquished

Notes
Turn   | Place    | Note
-------+----------+-------------------------------------------
     0 | D:1      | zishaf the Vine Stalker Brigand began the quest for the
                  | Orb.
     0 | D:1      | Reached XP level 1. HP: 11/11 MP: 2/2
    63 | D:1      | Reached skill level 1 in Dodging
    63 | D:1      | Reached XP level 2. HP: 12/15 MP: 3/3
    70 | D:1      | Reached skill level 5 in Stealth
   271 | D:1      | Reached XP level 3. HP: 14/18 MP: 2/4
   703 | D:2      | Found a faded altar of an unknown god.
   725 | D:2      | Gained mutation: Your natural rate of healing is unusually
                  | fast. [Vine Stalker growth]
   725 | D:2      | Reached XP level 4. HP: 15/23 MP: 5/5
  2102 | D:4      | Reached XP level 5. HP: 27/28 MP: 4/6
  2747 | D:5      | Entered Level 5 of the Dungeon
  2790 | D:5      | Noticed a phantom
  2878 | D:5      | Reached XP level 6. HP: 32/32 MP: 7/7
  2880 | D:5      | Noticed an ice beast
  2908 | D:5      | Killed an ice beast
  3086 | D:5      | Reached XP level 7. HP: 37/37 MP: 8/8
  3291 | D:5      | Found a bloodstained altar of Trog.
  3299 | D:5      | Gained mutation: You possess an exceptional clarity of
                  | mind. [potion of mutation]
  3299 | D:5      | Gained mutation: You passively map a small area around you.
                  | [potion of mutation]
  3299 | D:5      | Gained mutation: You are occasionally teleported next to
                  | monsters. [potion of mutation]
  3300 | D:5      | Lost mutation: You passively map a small area around you.
                  | [potion of mutation]
  3300 | D:5      | Lost mutation: You possess an exceptional clarity of mind.
                  | [potion of mutation]
  3300 | D:5      | Gained mutation: You have sharp toenails. [potion of
                  | mutation]
  3300 | D:5      | Gained mutation: Your flesh is heat resistant. (rF+)
                  | [potion of mutation]
  3301 | D:5      | Lost mutation: You are occasionally teleported next to
                  | monsters. [potion of mutation]
  3301 | D:5      | Lost mutation: You have sharp toenails. [potion of
                  | mutation]
  3324 | D:5      | Found a sacrificial altar of Ru.
  3481 | D:5      | You fall into a shaft and drop 2 floors!
  3750 | D:6      | Noticed a shadow
  3881 | D:6      | Noticed Prince Ribbit
  3894 | D:6      | Killed Prince Ribbit
  3895 | D:6      | Gained mutation: You have razor-sharp teeth. [Vine Stalker
                  | growth]
  3895 | D:6      | Reached XP level 8. HP: 42/42 MP: 9/9
  3946 | D:6      | Noticed Edmund
  3961 | D:6      | Killed Edmund
  4269 | D:6      | Killed a shadow
  4270 | D:6      | Reached skill level 5 in Fighting
  4270 | D:6      | Reached skill level 5 in Short Blades
  4270 | D:6      | Reached skill level 5 in Throwing
  4461 | D:6      | Reached skill level 1 in Shields
  4755 | D:6      | Reached XP level 9. HP: 30/47 MP: 5/10
  5302 | D:7      | Found a broken altar of Ashenzari.
  5425 | D:7      | Found a staircase to the Ecumenical Temple.
  5431 | Temple   | Entered the Ecumenical Temple
  5431 | Temple   | Found a transporter.
  5431 | Temple   | Found a transporter.
  5433 | Temple   | Found a transporter.
  5433 | Temple   | Found a transporter.
  5453 | Temple   | Became a worshipper of Uskayaw the Reveller
  5595 | D:7      | Reached * piety under Uskayaw
  5599 | D:7      | Reached ** piety under Uskayaw
  5611 | D:7      | Reached *** piety under Uskayaw
  5768 | D:8      | Reached skill level 1 in Invocations
  5786 | D:8      | Noticed a komodo dragon
  5786 | D:8      | HP: 1/49 [killer bee (4)]
  5791 | D:8      | Killed a komodo dragon
  5791 | D:8      | Reached **** piety under Uskayaw
  5792 | D:8      | Reached XP level 10. HP: 6/53 MP: 1/12
  5793 | D:8      | Reached ***** piety under Uskayaw
  5804 | D:8      | Reached ****** piety under Uskayaw
  6592 | D:9      | Noticed a two-headed ogre
  6601 | D:9      | Killed a two-headed ogre
  6602 | D:9      | Reached skill level 5 in Shields
  6602 | D:9      | Noticed a two-headed ogre
  6625 | D:9      | a two-headed ogre changed into a mana viper
  6625 | D:9      | Noticed a mana viper
  6643 | D:9      | Killed a mana viper
  6644 | D:9      | Reached skill level 5 in Invocations
  6772 | D:9      | Noticed Maggie
  6821 | D:9      | Killed Maggie
  7532 | D:9      | Noticed an oklob plant
  7555 | D:9      | Reached XP level 11. HP: 54/60 MP: 13/17
  7807 | D:9      | Killed an oklob plant
  8164 | D:10     | Entered Level 10 of the Dungeon
  8223 | D:10     | Found a flagged portal.
  8227 | Bailey   | Entered a bailey
  8352 | Bailey   | Noticed a vault guard
  8376 | Bailey   | Killed a vault guard
  8405 | Bailey   | Noticed a vault guard
  8432 | Bailey   | Killed a vault guard
  8576 | D:10     | Slain by an orc warrior

Illustrated notes

Levels and vault maps discovered:
D:1:      lemuel_arrival_river_bridge, layout_rooms
D:2:      layout_loops_ring, nicolae_ecumenical_snake_handling
D:3:      layout_loops_ring, minmay_misc_feat_ornament
D:4:      nicolae_cairo_tiling_very_big, layout_basic
D:5:      layout_basic, mainiacjoe_overflow_swirl, kennysheep_big_empty_room
D:6:      layout_gridville, serial_bayou_lake_a, uniq_edmund,
          uniq_prince_ribbit1
D:7:      layout_basic, kennysheep_mini, minmay_temple_entry_proselytizer,
          minmay_bent
D:8:      layout_loops_ring, minmay_fountain_box
D:9:      layout_loops_ring, st_stairs_4, introduction_to_nature_2, uniq_maggie
D:10:     wander_river, layout_cross, cheibriados_altar_1, tso_oasis_becter,
          kennysheep_orc_monster_closet_entryway, enter_bailey_1,
          hangedman_minor_magic
Temple:   hellmonk_temple_divided_pantheon

Skill      XL: |  1  2  3  4  5  6  7  8  9 10 11 |
---------------+----------------------------------+-----
Dodging        | 1 |  1.0
Stealth        | 5 6 7 8 |  8.0
Fighting       | 2 3 4 5 6 8 9 |  9.1
Short Blades   | 2 3 4 5 6 |  6.0
Throwing       | 2 3 4 5 6 |  6.0
Shields        | 2 4 5 |  5.0
Invocations    | 2 7 9 |  9.4

Action                   |  1- 3 |  4- 6 |  7- 9 | 10-12 || total
-------------------------+-------+-------+-------+-------++-------
Melee: Dagger            |   104 |   167 |   368 |   385 ||  1024
       Bite              |    21 |    47 |   128 |   123 ||   319
       Punch             |     1 |     1 |     2 |       ||     4
Throw: Dart              |       |       |     7 |     5 ||    12
       Boomerang         |       |       |       |    45 ||    45
Invok: Grand Finale      |       |       |       |     1 ||     1
Evoke: Wand              |       |       |       |    12 ||    12
  Use: Scroll            |       |    10 |     9 |     6 ||    25
       Potion            |       |       |     8 |       ||     8
 Stab: Sleeping          |     8 |    14 |     7 |     3 ||    32
       Distracted        |       |     1 |       |     1 ||     2
       Invisible         |       |       |     3 |       ||     3
       Paralysed         |       |       |     2 |    25 ||    27
Armor: Robe              |    40 |       |       |       ||    40
       Shadow dragon sca |    13 |   109 |   145 |   161 ||   428
       Ring mail         |     3 |       |       |       ||     3
Dodge: Dodged            |    58 |    41 |    51 |    64 ||   214
Block: Kite shield       |       |       |   152 |   188 ||   340

Table legend: (Time is in decaauts)
 A = Elapsed time spent in this place.
 B = Non-inter-level travel time spent in this place.
 C = Inter-level travel time spent in this place.
 D = Time resting spent in this place.
 E = Time spent auto-exploring this place.
 F = Levels seen in this place.
 G = Mean time per level.
                   A        B        C        D        E       F      G
               +--------+--------+--------+--------+--------+-----+--------+
         Total |   8504 |   8120 |    384 |    430 |   5262 |  12 |  708.7 |
       Dungeon |   8191 |   7816 |    375 |    430 |   5195 |  10 |  819.1 |
        Temple |     40 |     31 |      9 |      0 |      5 |   1 |   40.0 |
        Bailey |    272 |    272 |      0 |      0 |     62 |   1 |  272.0 |
               +--------+--------+--------+--------+--------+-----+--------+

Top non-repeatable levels by time:
     D:9: 1603 daAuts
     D:6: 1245 daAuts
     D:5: 839 daAuts
     D:7: 816 daAuts
     D:8: 791 daAuts
     D:2: 732 daAuts
     D:4: 721 daAuts
     D:3: 712 daAuts
     D:1: 604 daAuts
  Bailey: 272 daAuts
    D:10: 123 daAuts
  Temple: 40 daAuts
